 Dungeon Crawl Stone Soup version 0.30-a0-359-gd0147acb1a (webtiles) character file.

Game seed: 5182107885448308903

776 oldriver the Changer (level 7, -2/72 HPs)
             Began as an Ogre Transmuter on Nov 11, 2022.
             Slain by Duvessa
             ... wielding a +0 short sword
              (8 damage)
             ... on level 5 of the Dungeon.
             The game lasted 00:07:55 (4806 turns).

oldriver the Changer (Ogre Transmuter)              Turns: 4806, Time: 00:07:56

Health: -2/72      AC:  2    Str: 15    XL:     7   Next: 84%
Magic:  12/14      EV: 18    Int: 16    God:
Gold:   344        SH:  0    Dex: 14    Spells: 9/15 levels left

rFire   . . .      SeeInvis .      - Unarmed
rCold   . . .      Faith    .    (shield currently unavailable)
rNeg    . . .      Spirit   .    (body armour currently unavailable)
rPois   x          Reflect  .    (helmet currently unavailable)
rElec   .          Harm     .    (cloak currently unavailable)
rCorr   .          Rampage  .    (gloves unavailable)
Will    .....                    (boots unavailable)
Stlth   +.........               (no amulet)
HPRegen 0.32/turn                (no ring)
MPRegen 0.14/turn                (no ring)

@: spider-form (expiring)
A: venomous fangs, tiny, unfitting armour, (tough skin 1)
a: End Transformation


You were on level 5 of the Dungeon.
You were a venomous arachnid creature.
You visited 1 branch of the dungeon, and saw 5 of its levels.
You also visited: Sewer.

You collected 344 gold pieces.

Inventory:

Hand Weapons
 h - a +3 dagger of electrocution (melded)
Missiles
 g - a throwing net
Armour
 i - a +0 animal skin (melded)
Wands
 a - a wand of flame (22)
 l - a wand of digging (5)
 p - a wand of polymorph (3)
Scrolls
 d - a scroll of identify
 e - 2 scrolls of amnesia
 j - a scroll of fog
 k - a scroll of blinking
 n - a scroll of poison
 o - a scroll of magic mapping {unknown}
Potions
 b - 2 potions of flight
 c - 3 potions of curing
 f - a potion of degeneration
 m - a potion of mutation


   Skills:
 + Level 5.1 Fighting
 + Level 1.3 Short Blades
 - Level 1.7 Dodging
 - Level 2.6 Unarmed Combat
 + Level 4.8 Spellcasting
 * Level 5.4 Transmutations
 + Level 1.6 Poison Magic


You had 9 spell levels left.
You knew the following spells:

 Your Spells              Type           Power      Damage    Failure   Level
a - Beastly Appendage     Tmut           42%        N/A       7%          1
b - Wereblood             Tmut           21%        N/A       10%         2
c - Spider Form           Tmut/Pois      15%        N/A       26%         3

Your spell library contained the following spells:

 Spells                   Type           Power      Damage    Failure   Level
 Ice Form                 Ice/Tmut       12%        N/A       67%         4


Dungeon Overview and Level Annotations

Branches:
Dungeon (5/15)              Sewer (visited)
 Temple: D:4-7

Altars:
Zin

Annotations:
D:5 Duvessa


Innate Abilities, Weirdness & Mutations

You are a venomous arachnid creature.
You have poisonous fangs.
You are tiny and dextrous.
Your spellcasting is less reliable in this form.
Your armour is entirely melded.
You are incapable of wielding weapons or throwing items.
You are too large for most types of armour.
((You have tough skin. (AC +1)))


Message History

You turn into a venomous arachnid creature.
Your +3 dagger of electrocution melds into your body.
Your +0 animal skin melds into your body.
Your +3 dagger of electrocution stops crackling.
Duvessa rages.
Okay, then.
Duvessa hits you with a +0 short sword!
You hit Duvessa.
Duvessa is lightly wounded.
Your primal bloodlust has ended.
Duvessa hits you with a +0 short sword!
You hit Duvessa but do no damage.
Duvessa is poisoned.
Duvessa is lightly wounded.
Duvessa hits you with a +0 short sword. Duvessa closely misses you.
You hit Duvessa but do no damage.
Duvessa is lightly wounded.
Duvessa hits you with a +0 short sword!
You hit Duvessa.
Duvessa looks as sick as possible!
Duvessa is lightly wounded.
Duvessa hits you with a +0 short sword!
You hit Duvessa but do no damage.
Duvessa is lightly wounded.
Duvessa misses you. Duvessa closely misses you.
You hit Duvessa but do no damage.
Duvessa is lightly wounded.
Duvessa closely misses you.
You hit Duvessa.
Duvessa looks as sick as possible!
Duvessa is moderately wounded.
Your transformation is almost over.
Duvessa misses you. Duvessa hits you with a +0 short sword!
* * * LOW HITPOINT WARNING * * *
Duvessa rages.
Duvessa attacks as you move away! Duvessa hits you with a +0 short sword.
* * * LOW HITPOINT WARNING * * *
Duvessa hits you with a +0 short sword.
* * * LOW HITPOINT WARNING * * *
Duvessa attacks as you move away! Duvessa completely misses you.
Duvessa attacks as you move away! Duvessa misses you.
Duvessa hits you with a +0 short sword!
You die...

#.......#
#.......#
#.......#
#...)...#
#.......#
#$......#
#...)...#
+>.e....#
#..s....#
#.......#
#.......#
#...<...#
#.......#
######+#..)....#
#..............#
#..............#
#..............#


You could see Duvessa (berserk, very poisoned).

Vanquished Creatures
  A water moccasin (Sewer)
  A black bear (D:4)
  An ogre (D:4)
  A necrophage (D:4)
  Dowan (D:5)
  A hound (D:4)
  2 orc priests
  Ijyb (D:4)
  An iguana (D:5)
  3 orc wizards
  Robin (D:2)
  6 adders
  A river rat (D:3)
  4 worms (D:3)
  2 dart slugs (D:1)
  14 orcs
  6 ball pythons
  7 bats
  8 endoplasms
  4 giant cockroaches
  14 goblins
  10 hobgoblins
  6 jackals
  A quokka (D:4)
  A frilled lizard (D:3)
  3 kobolds
  4 rats
105 creatures vanquished.

Notes
Turn   | Place    | Note
-------+----------+-------------------------------------------
     0 | D:1      | oldriver the Ogre Transmuter began the quest for the Orb.
     0 | D:1      | Reached XP level 1. HP: 19/19 MP: 3/3
    87 | D:1      | Reached XP level 2. HP: 11/28 MP: 3/5
   642 | D:1      | Reached XP level 3. HP: 34/35 MP: 5/7
   645 | D:1      | Learned a level 2 spell: Wereblood
  1184 | D:2      | Noticed Robin
  1211 | D:2      | Reached XP level 4. HP: 42/44 MP: 3/8
  1221 | D:2      | Killed Robin
  1863 | D:3      | Found a glowing drain.
  1875 | Sewer    | Entered a sewer
  1997 | Sewer    | Noticed a water moccasin
  2013 | Sewer    | Killed a water moccasin
  2014 | Sewer    | Reached XP level 5. HP: 32/54 MP: 7/10
  2200 | D:3      | Reached XP level 6. HP: 33/62 MP: 8/11
  3275 | D:2      | Learned a level 3 spell: Spider Form
  3330 | D:4      | Noticed Ijyb
  3339 | D:4      | Killed Ijyb
  3342 | D:4      | Reached XP level 7. HP: 57/71 MP: 10/13
  3939 | D:4      | Reached skill level 5 in Transmutations
  3939 | D:4      | Reached skill level 1 in Poison Magic
  4552 | D:5      | Entered Level 5 of the Dungeon
  4567 | D:5      | Noticed Dowan
  4576 | D:4      | Reached skill level 5 in Fighting
  4576 | D:4      | Reached skill level 1 in Short Blades
  4682 | D:5      | Killed Dowan
  4723 | D:5      | Found a glowing silver altar of Zin.
  4790 | D:5      | Noticed Duvessa
  4806 | D:5      | Slain by Duvessa

Illustrated notes

Levels and vault maps discovered:
D:1:      minmay_arrival_nine_rooms, layout_loops_ring, st_stairs_4
D:2:      layout_rooms, minmay_pentomino_v2, uniq_robin
D:3:      layout_basic, cheibrodos_sewer_entry_sluice
D:4:      layout_basic, grunt_decor_arrowhead, uniq_ijyb
D:5:      layout_gridville, overflow_temple_1_default, uniq_prince_ribbit1,
          uniq_sigmund, uniq_duvessa, uniq_blork_the_orc

Skill      XL: |  1  2  3  4  5  6  7 |
---------------+----------------------+-----
Transmutations | 2 3 4 5 |  5.4
Fighting       | 2 3 4 5 |  5.1
Spellcasting   | 3 4 |  4.8
Poison Magic   | 1 |  1.6
Short Blades   | 1 |  1.3
Dodging        | |  1.7
Unarmed Combat | |  2.6

Action                   |  1- 3 |  4- 6 |  7- 9 || total
-------------------------+-------+-------+-------++-------
Melee: Unarmed           |    84 |   151 |    14 ||   249
       Kick              |    16 |    27 |     9 ||    52
       Headbutt          |    18 |    21 |     4 ||    43
       Punch             |     1 |     5 |       ||     6
       Dagger            |       |     8 |    58 ||    66
 Cast: Beastly Appendage |    23 |    30 |     7 ||    60
       Wereblood         |     2 |    15 |     8 ||    25
       Spider Form       |       |     1 |     2 ||     3
  Use: Potion            |       |     2 |       ||     2
       Scroll            |       |    11 |       ||    11
 Stab: Sleeping          |       |     1 |       ||     1
Armor: Robe              |    32 |    40 |       ||    72
       Skin              |       |     9 |       ||     9
       Animal skin       |       |       |     9 ||     9
Dodge: Dodged            |    41 |    91 |    33 ||   165

Table legend: (Time is in decaauts)
 A = Elapsed time spent in this place.
 B = Non-inter-level travel time spent in this place.
 C = Inter-level travel time spent in this place.
 D = Time resting spent in this place.
 E = Time spent auto-exploring this place.
 F = Levels seen in this place.
 G = Mean time per level.
                   A        B        C        D        E       F      G
               +--------+--------+--------+--------+--------+-----+--------+
         Total |   4807 |   4588 |    219 |    291 |   3398 |   6 |  801.2 |
       Dungeon |   4491 |   4272 |    219 |    176 |   3262 |   5 |  898.2 |
         Sewer |    316 |    316 |      0 |    115 |    136 |   1 |  316.0 |
               +--------+--------+--------+--------+--------+-----+--------+

Top non-repeatable levels by time:
     D:4: 1558 daAuts
     D:3: 1179 daAuts
     D:1: 844 daAuts
     D:2: 768 daAuts
   Sewer: 316 daAuts
     D:5: 141 daAuts
